 Dungeon Crawl Stone Soup version 0.22-a0-192-g6ffc940 (webtiles) character file.

28 sunny1234 the Ruffian (level 2, -3/27 HPs)
             Began as a Troll Transmuter on Feb 16, 2018.
             Killed from afar by Sigmund (12 damage)
             ... with a puff of flame
             ... on level 2 of the Dungeon.
             The game lasted 00:00:56 (771 turns).

sunny1234 the Ruffian (Troll Transmuter)             Turns: 771, Time: 00:00:57

Health: -3/27      AC:  5    Str: 17    XL:     2   Next: 96%
Magic:  3/3        EV: 10    Int:  9    God:
Gold:   29         SH:  0    Dex: 10    Spells: 2/3 levels left

rFire    . . .     SeeInvis .     - Unarmed
rCold    . . .     Gourm    +   (no shield)
rNeg     . . .     Faith    .   b - +0 robe
rPois    .         Spirit   .   (helmet restricted)
rElec    .         Reflect  .   (no cloak)
rCorr    .         Harm     .   (gloves unavailable)
MR       .....                  (boots unavailable)
Stlth    +.........             (no amulet)
HPRegen  0.49/turn              (no ring)
MPRegen  0.08/turn              (no ring)

@: no status effects
A: large, unfitting armour, claws 3, fast metabolism 3, gourmand, regeneration
1, shaggy fur 1, tough skin 2
a: no special abilities


You were on level 2 of the Dungeon.
You were not hungry.

You visited 1 branch of the dungeon, and saw 2 of its levels.

You collected 29 gold pieces.

Inventory:

Missiles
 a - 12 arrows
 f - 23 bolts
Armour
 b - a +0 robe (worn)
Scrolls
 g - a scroll of enchant armour {unknown}
 j - a scroll of immolation {unknown}
 k - a scroll of noise {unknown}
 l - a scroll of blinking {unknown}
Potions
 e - 2 potions of agility {unknown}
 h - a potion of brilliance {unknown}
 i - a potion of mutation {unknown}
Books
 c - a book of Changes

   Spells                             Type                      Level
   a - Beastly Appendage              Transmutation                1
   b - Sticks to Snakes               Transmutation                2
   c - Spider Form                    Transmutation/Poison         3
   d - Ice Form                       Ice/Transmutation            4
   e - Blade Hands                    Transmutation                5
Comestibles
 d - 4 rations


   Skills:
 + Level 1.2 Fighting
 + Level 1.9 Dodging
 + Level 3.2 Unarmed Combat
 + Level 1.4 Spellcasting
 + Level 1.7 Transmutations


You had 2 spell levels left.
You knew the following spells:

 Your Spells              Type           Power        Failure   Level  Hunger
a - Beastly Appendage     Tmut           #.....       19%         1    ##.....


Dungeon Overview and Level Annotations

Branches:
Dungeon (2/15)

Altars:

Annotations:
D:2 Sigmund


Innate Abilities, Weirdness & Mutations

You are too large for most types of armour.
You have claws for hands.
Your metabolism is lightning-fast.
You like to eat raw meat.
Your natural rate of healing is unusually fast.
You are covered in fur. (AC +1)
You have very tough skin. (AC +2)


Message History

Sigmund hits you from afar with a scythe.
* * * LOW HITPOINT WARNING * * *
Sigmund casts a spell at you.
You are confused.
You bump into the rock wall.
Sigmund barely misses you.
You're too confused!
You're too confused!
You're too confused!
You're too confused!
You're too confused!
You're too confused!
You're too confused!
You're too confused!
You're too confused!
You're too confused!
Sigmund barely misses you.
You feel less confused. Sigmund casts a spell at you.
The puff of flame hits you!
You die...

.........#
.........#
.........#
........)######
.........gw.@.#
.........####.# .
.(.......# #.# ..
########## #.#
..########### #@#
#..........# #.#
#..........####.#
#......(........#
#...........#####
##...........#..#
......†.........#
##.....(....#..##
#...........+..#


You could see Sigmund.

Vanquished Creatures
  2 dart slugs (D:1)
  3 leopard geckos (D:1)
  A ball python (D:1)
  5 bats (D:1)
  2 giant cockroaches
  2 goblins (D:1)
  A hobgoblin (D:1)
  2 frilled lizards
  2 kobolds (D:2)
20 creatures vanquished.

Notes
Turn   | Place    | Note
-------+----------+-------------------------------------------
     0 | D:1      | sunny1234 the Troll Transmuter began the quest for the Orb.
     0 | D:1      | Reached XP level 1. HP: 18/18 MP: 1/1
   136 | D:1      | Reached skill level 1 in Fighting
   178 | D:1      | Reached XP level 2. HP: 26/27 MP: 3/3
   755 | D:2      | Noticed Sigmund
   771 | D:2      | Killed from afar by Sigmund

Vault maps used:
D:1:      dpeg_arrival_boxes_within_box, serial_bayou_pond_e, minivault_26
D:2:      uniq_terence, uniq_sigmund

Skill      XL: |  1 |
---------------+----+-----
Fighting       | 1 |  1.2
Dodging        | |  1.9
Unarmed Combat | |  3.2
Spellcasting   | |  1.4
Transmutations | |  1.7

Action                   || total
-------------------------++-------
Melee: Unarmed           ||    55
       Punch             ||     1
  Eat: Chunk             ||     4
Armor: Robe              ||    20
Dodge: Dodged            ||    30

Table legend:
 A = Spawn XP
 B = Non-spawn XP
 C = Spawn XP percentage of total XP
 D = Spawn monster count
 E = Non-spawn monster count
 F = Spawn count percentage of total count
 G = Total turns spent on level
                    A         B        C        D         E        F      G
               +---------+---------+-------+---------+---------+-------+---------
         Total |       0 |      40 |   0.0 |       0 |      20 |   0.0 |   771
               +---------+---------+-------+---------+---------+-------+---------
           D:1 |       0 |      34 |   0.0 |       0 |      16 |   0.0 |   660
           D:2 |       0 |       6 |   0.0 |       0 |       4 |   0.0 |   111
               +---------+---------+-------+---------+---------+-------+---------
